 Dungeon Crawl Stone Soup version 0.26.1-11-gd32895ea62 (webtiles) character file.

Game seed: 16841830711656334790

96 mankey1987 the Ducker (level 4, 0/48 HPs)
             Began as an Ogre Berserker on May 30, 2021.
             Was a Follower of Trog.
             Succumbed to an adder's poison
             ... on level 4 of the Dungeon.
             The game lasted 00:01:51 (2020 turns).

mankey1987 the Ducker (Ogre Berserker)              Turns: 2020, Time: 00:01:51

Health: 0/48       AC:  3    Str: 20 (21) XL:     4   Next: 67%
Magic:  4/4        EV: 11    Int:  7 (8)  God:    Trog [*.....]
Gold:   86         SH:  0    Dex:  7 (9)  Spells: 3/3 levels left

rFire    . . .     SeeInvis .   a - +0 mace
rCold    . . .     Faith    .   (no shield)
rNeg     . . .     Spirit   .   b - +0 animal skin
rPois    .         Reflect  .   (helmet restricted)
rElec    .         Harm     .   (no cloak)
rCorr    .         Rampage  .   (gloves unavailable)
Will     ++...                  (boots unavailable)
Stlth    +.........             (no amulet)
HPRegen  1.16/turn              (no ring)
MPRegen  0.09/turn              (no ring)

@: lethally poisoned (0 -> 0), berserk cooldown, flying, regenerating, slowed,
very slow
A: large, unfitting armour, tough skin 1
a: Renounce Religion, Berserk


You were on level 4 of the Dungeon.
You worshipped Trog.
Trog was aware of your devotion.
You visited 1 branch of the dungeon, and saw 3 of its levels.

You collected 86 gold pieces.

Inventory:

Hand Weapons
 a - a +0 mace (weapon)
Armour
 b - a +0 animal skin (worn)
Scrolls
 c - 2 scrolls of identify {unknown}
 e - a scroll of enchant weapon {unknown}
 g - a scroll of teleportation {unknown}
 i - 2 scrolls of blinking {unknown}


   Skills:
 - Level 4.0 Fighting
 - Level 2.6 Maces & Flails
 + Level 4.8 Dodging


You had 3 spell levels left.
You didn't know any spells.
Your spell library was empty.

Dungeon Overview and Level Annotations

Branches:
Dungeon (2/15)

Altars:
Qazlal


Innate Abilities, Weirdness & Mutations

You are too large for most types of armour.
You have tough skin. (AC +1)


Message History

The adder is almost dead.
* * * LOW HITPOINT WARNING * * *
You feel very sick. The adder closely misses you. The worker ant bites you.
* * * LOW HITPOINT WARNING * * *
The adder bites you but does no damage. The worker ant closely misses you.
The adder closely misses you. The worker ant barely misses you.
Unknown command.
You hit the adder.
You kill the adder!
Trog accepts your kill.
You can now call upon Trog for regeneration and willpower.
* * * LOW HITPOINT WARNING * * *
You feel sick. The worker ant completely misses you.
The worker ant bites you but does no damage.
Unknown command.
Your skin crawls.
You feel strong-willed.
You can no longer call upon Trog for regeneration and willpower.
You die...

## #### #...
.... ##.....
..##..###...#
........@B#
##.....####
.......
#.#....
.......
#.##... #
.... #....


You could see a worker ant.

Vanquished Creatures
  An orc wizard (D:4)
  4 adders
  2 leopard geckos
  3 orcs (D:4)
  2 bats
  2 giant cockroaches
  3 goblins
  A hobgoblin (D:2)
  A jackal (D:2)
  A quokka (D:2)
  A frilled lizard (D:1)
  5 kobolds
  5 rats
31 creatures vanquished.

Notes
Turn   | Place    | Note
-------+----------+-------------------------------------------
     0 | D:1      | mankey1987 the Ogre Berserker began the quest for the Orb.
     0 | D:1      | Reached XP level 1. HP: 24/24 MP: 1/1
   331 | D:1      | Reached XP level 2. HP: 16/32 MP: 2/2
  1183 | D:2      | Found a stormy altar of Qazlal.
  1549 | D:2      | Reached XP level 3. HP: 33/39 MP: 3/3
  1984 | D:2      | You fall into a shaft and drop 2 floors!
  2001 | D:4      | Reached XP level 4. HP: 48/48 MP: 4/4
  2018 | D:4      | HP: 2/48 [worker ant (4)]
  2019 | D:4      | Reached ** piety under Trog
  2020 | D:4      | Succumbed to an adder's poison

Illustrated notes

Levels and vault maps discovered:
D:1:      saegor_arrival_simple_a, layout_basic
D:2:      layout_rooms, grunt_qazlal_clouds, item_on_display_a
D:4:      layout_rooms, grunt_temple_overflow_order_and_chaos_2,
          marbit_many_paths, led_sif_book, kennysheep_vampire_church,
          minivault_25, lemuel_angel_altar, uniq_crazy_yiuf_cottage, uniq_ijyb,
          uniq_eustachio

Skill      XL: |  1  2  3 |
---------------+----------+-----
Dodging        | 3 4 |  4.8
Fighting       | |  4.0
Maces & Flails | |  2.6

Action                   |  1- 3 |  4- 6 || total
-------------------------+-------+-------++-------
Melee: Mace              |   104 |    15 ||   119
Invok: Berserk           |     3 |       ||     3
       Trog's Hand       |       |     1 ||     1
  Use: Potion            |       |     3 ||     3
Armor: Animal skin       |    37 |     5 ||    42
Dodge: Dodged            |    77 |    22 ||    99
